 Dungeon Crawl Stone Soup version 0.30-a0-652-gcc886f7154 (webtiles) character file.

Game seed: 4034842012210902775

382 Leeroy the Slasher (level 6, 0/35 HPs)
             Began as a Tengu Warper on Jan 17, 2023.
             Slain by Grinder (5 damage)
             ... on level 5 of the Dungeon.
             The game lasted 00:06:49 (3879 turns).

Leeroy the Slasher (Tengu Warper)                   Turns: 3879, Time: 00:06:49

Health: 0/35       AC:  4    Str: 11    XL:     6   Next: 76%
Magic:  19/19      EV: 14    Int: 13    God:
Gold:   230        SH:  0    Dex: 16    Spells: 2/9 levels left

rFire   . . .      SeeInvis .    o - +2 dagger (flame)
rCold   . . .      Faith    .    (no shield)
rNeg    . . .      Spirit   .    b - +0 leather armour
rPois   .          Reflect  .    (helmet restricted)
rElec   .          Harm     .    (no cloak)
rCorr   .          Rampage  .    f - +0 pair of gloves
Will    .....                    (boots unavailable)
Stlth   +                        e - amulet of the acrobat
HPRegen 0.25/turn                k - ring of wizardry
MPRegen 0.16/turn                z - ring of magical power

@: flying quickly and evasively, quick
A: beak, talons 3, nimble flight
a: no special abilities


You were on level 5 of the Dungeon.
You visited 1 branch of the dungeon, and saw 5 of its levels.

You collected 230 gold pieces.

Inventory:

Hand Weapons
 a - a +0 falchion
 o - a +2 dagger of flaming (weapon)
 C - a +0 long sword
Missiles
 d - 3 boomerangs of dispersal (quivered)
 w - 6 boomerangs
Armour
 b - a +0 leather armour (worn)
 f - a +0 pair of gloves (worn)
 A - a +0 pair of gloves
Jewellery
 e - an amulet of the acrobat (around neck)
 k - a ring of wizardry (left hand)
 z - a ring of magical power (right hand)
Scrolls
 c - a scroll of blinking
 g - 2 scrolls of noise {unknown}
 h - 2 scrolls of teleportation
 j - 3 scrolls of identify {unknown}
 l - 2 scrolls of fog {unknown}
 p - a scroll of enchant weapon {unknown}
 q - a scroll of amnesia {unknown}
 r - a scroll of immolation {unknown}
 u - 2 scrolls of magic mapping {unknown}
 y - a scroll of enchant armour {unknown}
 B - a scroll of acquirement {unknown}
Potions
 i - 2 potions of curing
 m - a potion of flight {unknown}
 n - 2 potions of degeneration {unknown}
 s - 2 potions of heal wounds {unknown}
 t - a potion of berserk rage {unknown}
 v - a potion of haste {unknown}
 x - a potion of lignification {unknown}


   Skills:
 - Level 2.0 Fighting
 - Level 7.0 Long Blades
 - Level 1.0 Throwing
 - Level 1.1 Armour
 + Level 2.7 Dodging
 - Level 2.0 Spellcasting
 - Level 2.4 Translocations
 * Level 2.6 Air Magic


You had 2 spell levels left.
You knew the following spells:

 Your Spells              Type           Power      Damage    Failure   Level
a - Blink                 Tloc           14%        N/A       8%          2
b - Ensorcelled Hibernat  Hex/Ice        2%         N/A       21%         2
c - Kindle Blastsparks    Fire/Tloc/Air  10%        2d10      21%         3

Your spell library contained the following spells:

 Spells                   Type           Power      Damage    Failure   Level
 Lesser Beckoning         Tloc           14%        N/A       8%          2
 Passwall                 Tmut/Erth      0%         N/A       21%         2
 Swiftness                Air            8%         N/A       14%         3
 Vhi's Electric Charge    Tloc/Air       14%        N/A       14%         3
 Teleport Other           Tloc           7%         N/A       16%         3
 Ignite Poison            Fire/Tmut/Pois 1%         N/A       36%         3
 Manifold Assault         Tloc           7%         N/A       43%         4
 Freezing Cloud           Conj/Ice/Air   1%         6-21      92%         5


Dungeon Overview and Level Annotations

Branches:
Dungeon (5/15)
 Temple: D:4-7

Altars:
Elyvilon
Qazlal
Vehumet
Zin
The Shining One

Annotations:
D:5 Grinder


Innate Abilities, Weirdness & Mutations

You have a beak for a mouth.
You have claws for feet.
Your magical nature lets you fly swiftly and evasively.


Message History

Grinder is heavily wounded.
You hit Grinder. You burn Grinder.
Grinder is severely wounded.
Grinder hits you.
You writhe in agony.
* * * LOW HITPOINT WARNING * * *
The howler monkey hits you.
* * * LOW HITPOINT WARNING * * *
Okay, then.
Okay, then.
Throw: 6 boomerangs (disperse)
Press: ? - help, Q - select action, (/) - cycle Shift-Dir - straight line, f - Grinder
Aim: Grinder (severely wounded, 57% to hit)
You throw a boomerang of dispersal.
The boomerang of dispersal hits Grinder.
Grinder blinks!
Grinder is severely wounded.
The howler monkey hoots and howls with incredible vigour!
Grinder drinks a potion.
Grinder is healed!
The howler monkey closely misses you.
You hear an angry hiss.
The howler monkey attacks as you move away!
The howler monkey barely misses you.
Grinder blinks!
Throw: 5 boomerangs (disperse)
Press: ? - help, Q - select action, (/) - cycle Shift-Dir - straight line, f/p - Grinder
Aim: Grinder (heavily wounded, 57% to hit)
You throw a boomerang of dispersal.
The boomerang of dispersal hits Grinder.
Grinder blinks!
Grinder is heavily wounded.
Throw: 4 boomerangs (disperse)
Press: ? - help, Q - select action, (/) - cycle Shift-Dir - straight line, f/p - Grinder
Aim: Grinder (heavily wounded, 57% to hit)
You throw a boomerang of dispersal.
The boomerang of dispersal barely misses Grinder.
The howler monkey hits you.
* * * LOW HITPOINT WARNING * * *
Grinder hits you.
* * * LOW HITPOINT WARNING * * *
You writhe in agony.
You die...

......#.....# ...
.....#...<..# #
.... ...........##
..# #....
...........##
..###....
.####.).....##
......# ##
#...)....## #?...#
# ##...###..##
#....# # #...#
##..###....# #
##.<# ##..@h....##
# ##..#
#..5......#
##..####.....#..!#
#...##....####.ยง#
#....([..# ....
#........# ...
##......## ..
#.....## # ##..###


You could see Grinder and a howler monkey.

Vanquished Creatures
  A hound (D:3)
  An orc priest (D:4)
  Jessica (D:2)
  An iguana (D:4)
  2 orc wizards (D:2)
  4 gnolls (D:5)
  8 adders
  5 worms
  2 dart slugs
  10 orcs
  4 endoplasms
  4 giant cockroaches
  9 goblins
  6 hobgoblins
  2 jackals (D:1)
  A quokka (D:3)
  9 ball pythons
  3 bats
  15 frilled lizards
  7 kobolds
95 creatures vanquished.

Vanquished Creatures (others)
  7 plants (D:1)
7 creatures vanquished.

Grand Total: 102 creatures vanquished

Notes
Turn   | Place    | Note
-------+----------+-------------------------------------------
     0 | D:1      | Leeroy the Tengu Warper began the quest for the Orb.
     0 | D:1      | Reached XP level 1. HP: 12/12 MP: 4/4
   119 | D:1      | Reached XP level 2. HP: 15/17 MP: 6/6
   124 | D:1      | Reached skill level 3 in Long Blades
   448 | D:1      | Reached XP level 3. HP: 20/21 MP: 7/7
   561 | D:1      | Reached skill level 4 in Long Blades
  1126 | D:2      | Reached XP level 4. HP: 20/26 MP: 8/8
  1139 | D:2      | Reached skill level 5 in Long Blades
  1246 | D:2      | Found a faded altar of an unknown god.
  1443 | D:2      | Noticed Jessica
  1451 | D:2      | Killed Jessica
  1452 | D:2      | Gained mutation: Your magical nature lets you fly swiftly
                  | and evasively. [Tengu growth]
  1452 | D:2      | Reached XP level 5. HP: 19/30 MP: 9/9
  1696 | D:2      | Reached skill level 6 in Long Blades
  2237 | D:3      | Found a stormy altar of Qazlal.
  2404 | D:3      | Learned a level 2 spell: Blink
  2407 | D:3      | Learned a level 2 spell: Ensorcelled Hibernation
  2411 | D:3      | Learned a level 3 spell: Kindle Blastsparks
  2495 | D:3      | Found a radiant altar of Vehumet.
  2660 | D:4      | Reached XP level 6. HP: 35/35 MP: 10/10
  3082 | D:4      | Reached skill level 7 in Long Blades
  3262 | D:4      | Found a white marble altar of Elyvilon.
  3262 | D:4      | Found a glowing silver altar of Zin.
  3262 | D:4      | Found a glowing golden altar of the Shining One.
  3324 | D:4      | Reached skill level 1 in Air Magic
  3627 | D:5      | Entered Level 5 of the Dungeon
  3671 | D:5      | Noticed Grinder
  3879 | D:5      | Slain by Grinder

Illustrated notes

Levels and vault maps discovered:
D:1:      saegor_arrival_simple_c, layout_basic, hex_tiny, minmay_lizard_king
D:2:      layout_loops_corners, chequers_ecumenical_altar_simple_redux,
          uniq_jessica
D:3:      layout_rooms, grunt_qazlal_clouds, mainiacjoe_overflow_small_starburst
D:4:      layout_basic, dreamdust_divine_triumvirate, hex_large
D:5:      layout_layer_cave, uniq_grinder

Skill      XL: |  1  2  3  4  5  6 |
---------------+-------------------+-----
Long Blades    | 3 4 5 6 7 |  7.0
Air Magic      | 2 |  2.6
Fighting       | |  2.0
Throwing       | |  1.0
Armour         | |  1.1
Dodging        | |  2.7
Spellcasting   | |  2.0
Translocations | |  2.4

Action                   |  1- 3 |  4- 6 || total
-------------------------+-------+-------++-------
Melee: Falchion          |    73 |       ||    73
       Kick              |    16 |    48 ||    64
       Peck              |    10 |    26 ||    36
       Dagger            |     9 |   180 ||   189
       Punch             |     1 |       ||     1
Throw: Boomerang         |       |     4 ||     4
  Use: Scroll            |       |     1 ||     1
 Stab: Sleeping          |     1 |     2 ||     3
Armor: Leather armour    |    23 |    10 ||    33
Dodge: Dodged            |    39 |   104 ||   143

Table legend: (Time is in decaauts)
 A = Elapsed time spent in this place.
 B = Non-inter-level travel time spent in this place.
 C = Inter-level travel time spent in this place.
 D = Time resting spent in this place.
 E = Time spent auto-exploring this place.
 F = Levels seen in this place.
 G = Mean time per level.
                   A        B        C        D        E       F      G
               +--------+--------+--------+--------+--------+-----+--------+
         Total |   3679 |   3476 |    203 |     33 |   2796 |   5 |  735.8 |
       Dungeon |   3679 |   3476 |    203 |     33 |   2796 |   5 |  735.8 |
               +--------+--------+--------+--------+--------+-----+--------+

Top non-repeatable levels by time:
     D:1: 1080 daAuts
     D:4: 950 daAuts
     D:2: 885 daAuts
     D:3: 569 daAuts
     D:5: 192 daAuts
